AoeStats
← K

Lombardia

509726201Analyzed
4v4 RM · 6d ago on Sep 27, 2026· 30m 15s· 8 players
Game mode
Random Map
Map size
Large (8 player)
Population
200
Speed
Normal
Resources
Standard
Victory
Conquest
Starting age
Dark Age
Ending age
Imperial Age
RankedLock teamsTeams togetherTeam positionsShared explorationLock speedFull tech treeHidden civsTurbo modeCheats
Victory
Defeat
🇺🇸 Koreans · United States
1133
+15
🇺🇸 Mongols · United States
1081
+17
🇨🇦 Romans · Canada
1047
+18
🇺🇸 Burgundians · United States
1019
+19
🇬🇧 Teutons · United Kingdom
1125
-18
🇦🇷 Poles · Argentina
1117
-18
🇹🇼 Tatars · Taiwan
1106
-18
🇹🇷 Khmer · Türkiye
1032
-15
Don Juan el Valiente
ConnorX37B
0:42 Loom
Age of Umpires II
BuddyDudeMan
11:07 Feudal Age
9:30 Loom
14:50 Castle Age
13:29 Double-Bit Axe
14:12 Gold Mining
14:24 Scale Mail Armor
14:34 Forging
16:06 Bow Saw
20:33 Squires
25:01 Chain Mail Armor
26:09 Iron Casting
25:57 Pikeman
26:37 Man-at-Arms
29:00 Long Swordsman
ikaradayi976
BITCOIN_
5:03 Loom
11:14 Feudal Age
14:32 Forging
14:39 Bloodlines
15:24 Scale Barding Armor
21:35 Castle Age
23:10 Light Cavalry
23:51 Horse Collar
25:47 Town Watch
28:06 Squires
crazyeyee
K
Connection lost

Rejoining the realm…

Still unreachable

The connection could not be restored.

Session expired

The server has moved on; the page needs a fresh start.